 Dungeon Crawl Stone Soup version 0.21-a0-508-gf08a75f (webtiles) character file.

1555982 Laird the Impregnable (level 27, 219/219 HPs)
             Began as a Gnoll Wanderer on Nov 25, 2017.
             Was an Initiate of Gozag.
             Escaped with the Orb
             ... and 3 runes on Nov 28, 2017!
             The game lasted 03:21:07 (84974 turns).

Laird the Impregnable (Gnoll Wanderer)             Turns: 84974, Time: 03:21:08

Health: 219/219    AC: 48    Str: 35    XL:     27
Magic:  44/44      EV: 26    Int: 16    God:    Gozag
Gold:   4882       SH: 29    Dex: 21    Spells: 21/61 levels left

rFire    . . .     SeeInvis .   a - +9 demon whip (elec)
rCold    . . .     Gourm    .   U - +2 shield {AC+3}
rNeg     + + +     Faith    .   J - +9 pearl dragon scales
rPois    +         Spirit   .   w - +2 helmet {Int+3}
rElec    .         Reflect  +   P - +2 ratskin cloak {+Rats rPois rN+ Str-1 Int-1 Dex+1}
rCorr    .         Harm     .   S - +2 pair of gloves {Str+3}
MR       +++..                  z - +2 pair of boots {run}
Stlth    ++........             Z - +6 amulet of reflection
HPRegen  0.46/turn              q - +5 ring of slaying
MPRegen  0.29/turn              X - ring "Moron" {rN+ MR+ Str+8}

@: gold aura, studying Armour, quick
A: distributed training, fangs 1, large bone plates 1, agile 1, deterioration 1,
wild magic 1, no potion heal 1, strong nose
0: Orb of Zot
}: 3/15 runes: serpentine, barnacled, silver
a: Potion Petition, Call Merchant, Bribe Branch, Renounce Religion, Evoke
Ratskin


You escaped.
You worshipped Gozag.
Gozag was most pleased with you.
You were hungry.

You visited 10 branches of the dungeon, and saw 50 of its levels.
You visited the Abyss 1 time.
You also visited: Labyrinth, Ossuary, Bailey, Ice Cave, Volcano and Wizlab.

You collected 31307 gold pieces.
You spent 2829 gold pieces at shops.
You paid 23596 gold pieces to Gozag.

Inventory:

Hand Weapons
 a - a +9 demon whip of electrocution (weapon)
 i - the +10 hunting sling of Gyifun {freeze, rPois rN+ MR+ SInv Stlth-}
   (You acquired it in a labyrinth)

   It causes projectiles fired from it to freeze those they strike, causing
   extra injury to most foes and up to half again as much damage against
   particularly susceptible opponents.
   They can also slow down cold-blooded creatures.
   It protects you from poison.
   It protects you from negative energy.
   It affects your resistance to hostile enchantments.
   It lets you see invisible.
   It makes you less stealthy.
 r - the +2 fustibalus of the Heavens {velocity, rC- Str+8 Dex+4}
   (You bought it in a shop on level 2 of the Orcish Mines)

   Any stone fired from it inflicts extra damage.
   It affects your strength (+8).
   It affects your dexterity (+4).
   It makes you vulnerable to cold.
Missiles
 c - 255 sling bullets (quivered)
 E - 2 large rocks
Armour
 h - a +1 cloak
 w - a +2 helmet of intelligence (worn)
 y - a +2 cloak
 z - a +2 pair of boots of running (worn)
 J - +9 pearl dragon scales (worn)
 P - the +2 ratskin cloak (worn) {+Rats rPois rN+ Str-1 Int-1 Dex+1}
   (You acquired it on level 2 of the Lair of Beasts)

   It affects your strength (-1).
   It affects your intelligence (-1).
   It affects your dexterity (+1).
   It protects you from poison.
   It protects you from negative energy.
 S - a +2 pair of gloves of strength (worn)
 U - a +2 shield of protection (worn)
Jewellery
 q - a +5 ring of slaying (left hand)
 X - the ring "Moron" (right hand) {rN+ MR+ Str+8}
   (You found it in an ice cave)

   [ring of positive energy]

   It affects your strength (+8).
   It protects you from negative energy.
   It affects your resistance to hostile enchantments.
 Z - a +6 amulet of reflection (around neck)
Wands
 m - a wand of flame (22)
 p - a wand of scattershot (3)
 G - a wand of clouds (14)
 W - a wand of digging (18)
Scrolls
 d - 8 scrolls of magic mapping
 e - 16 scrolls of identify
 g - 7 scrolls of teleportation
 l - 2 scrolls of blinking
 n - 5 scrolls of silence
 v - 8 scrolls of fog
 A - 3 scrolls of fear
 B - 28 scrolls of remove curse
 I - 2 scrolls of brand weapon
 L - a scroll of summoning
Potions
 j - 2 potions of invisibility
 k - 10 potions of brilliance
 u - 2 potions of curing
 x - 2 potions of magic
 D - 2 potions of mutation
 F - 6 potions of flight
Books
 C - a manual of Armour
Miscellaneous
 b - a phial of floods
 f - a lamp of fire
 o - a fan of gales
 s - a lightning rod (4/4)
 M - a phial of floods
 N - a lamp of fire
 T - 2 phantom mirrors
Comestibles
 t - 9 royal jellies
 H - 38 fruits
 V - 15 bread rations


   Skills:
 + Level 18.7 Fighting
 + Level 17.9 Short Blades
 + Level 17.9 Long Blades
 + Level 17.9 Axes
 + Level 17.9 Maces & Flails
 + Level 17.9 Polearms
 + Level 18.3 Staves
 + Level 17.9 Slings
 + Level 17.9 Bows
 + Level 17.9 Crossbows
 + Level 17.9 Throwing
 + Level 22.8 Armour
 + Level 18.1 Dodging
 + Level 17.9 Stealth
 + Level 18.1 Shields
 + Level 17.9 Unarmed Combat
 + Level 17.9 Spellcasting
 + Level 15.5 Conjurations
 + Level 15.5 Hexes
 + Level 15.5 Charms
 + Level 15.5 Summonings
 + Level 15.5 Necromancy
 + Level 15.5 Translocations
 + Level 15.5 Transmutations
 + Level 15.5 Fire Magic
 + Level 15.5 Ice Magic
 + Level 15.5 Air Magic
 + Level 15.5 Earth Magic
 + Level 15.5 Poison Magic
 + Level 19.3 Invocations
 + Level 18.1 Evocations


You had 21 spell levels left.
You knew the following spells:

 Your Spells              Type           Power        Failure   Level  Hunger
a - Apportation           Tloc           ######       1%          1    None
b - Iskenderun's Mystic   Conj           ######..     1%          4    None
d - Blink                 Tloc           N/A          1%          2    None
e - Conjure Flame         Conj/Fire      ######..     1%          3    None
f - Animate Skeleton      Necr           N/A          1%          1    None
g - Metabolic Englaciati  Hex/Ice        ######....   1%          5    ###....
h - Freezing Cloud        Conj/Ice/Air   ######....   3%          6    #####..
i - Iron Shot             Conj/Erth      ######....   3%          6    #####..
j - Swiftness             Chrm/Air       ######..     1%          2    None
k - Malign Gateway        Summ/Tloc      ######....   13%         7    ######.
l - Regeneration          Chrm/Necr      ######....   1%          3    None


Dungeon Overview and Level Annotations

Branches:
Dungeon (15/15)            Temple (1/1) D:4            Lair (6/6) D:11
 Shoals (4/4) Lair:2        Snake (4/4) Lair:4        Slime (0/5) Lair:6
    Orc (2/2) D:11            Elf (3/3) Orc:2        Vaults (5/5) D:13
  Crypt (0/3) Vaults:3     Depths (5/5) D:15            Zot (5/5) Depths:5

Altars:
Ashenzari
Dithmenos
Elyvilon
Fedhas
Gozag
Kikubaaqudgha
Makhleb
Okawaru
Qazlal
Ru
Trog
Vehumet
Xom
Yredelemnul
Zin
The Shining One
Beogh
Jiyva

Shops:
D:8 *   D:10 *[   Orc:2 %!([((   Elf:2 %*%   Lair:1 =   Shoals:2 (   Snake:3 [=
Vaults:1 (   Vaults:3 ?(   Vaults:4 =   Depths:2 }}=

Portals:
Hell: Depths:1 Depths:2 Depths:3 Depths:4 Depths:5
Abyss: Depths:1 Depths:2 Depths:4
Pandemonium: Depths:2 Depths:3 Depths:4
Ziggurat: Depths:4

Annotations:
Lair:1 exclusion: oklob plant
Snake:3 Mara


Innate Abilities, Weirdness & Mutations

Your experience applies equally to all skills.
You have very sharp teeth.
Your uncanny sense of smell can sniff out nearby items.
You are partially covered in large bone plates. (SH +4)
You are agile. (Dex +2)
Your body sometimes deteriorates upon taking damage.
Your spells are a little harder to cast, but a little more powerful.
Potions are less effective at restoring your health.


Message History

You now have 4855 gold pieces (gained 5).
There are no items here.
An Orb Guardian comes into view.
There is an open door here.
You feel yourself slow down.
There is an open door here.
You block the Orb Guardian's attack.
You hit the Orb Guardian. Your bite misses the Orb Guardian.
The Orb Guardian is lightly wounded.
You block the Orb Guardian's attack.
You whack the Orb Guardian!
Lightning courses through the Orb Guardian!
The Orb Guardian is moderately wounded.
You thrash the Orb Guardian!!
Lightning courses through the Orb Guardian!
You kill the Orb Guardian!
You now have 4882 gold pieces (gained 27).
There is an open door here.
There is a staircase leading out of the dungeon here.
You have escaped!

#.##..#...##......##.##...
###.###..........###........
#...# #...#'#.######.......#
######.### #...#.#.#####........>
........# #...#'#..............#
........####...#.######.#####....
..............##'## #.# #....
........#######...#####.# #..##
........#.'.'.'.@.'.'.'.# ##..##
........#.#####...####### #..###
........#...####'### #..# #
.......>..####.#.#.# #.## #
#.........(###.#'#.## ##.# #
#..........##..#.#..# #..# #
#..........##.##'##.# #.#####
#..........##.#..##.## #.# #..
#............).......# #.# #..


There were no monsters in sight!

Vanquished Creatures
  3 orbs of fire
  Mennas (Vaults:5)
  6 ancient liches
  2 juggernauts
  3 greater mummies (Depths:2)
  Bai Suzhen (Snake:4)
  Boris (Vaults:5)
  Saint Roka (Vaults:1)
  Frederick (Vaults:3)
  3 Killer Klowns
  Margery (Vaults:4)
  6 golden dragons
  A curse toe (Zot:2)
  A caustic shrike (Depths:4)
  Nikola (Depths:1)
  A bone dragon (Vaults:3)
  A Brimstone Fiend (D:9)
  2 electric golems
  The ghost of kae the Brawler, an adept TrMo of Wu Jian (Shoals:4)
  12 tentacled monstrosities
  24 Orb Guardians
  4 liches
  2 deep elf master archers (Elf:3)
  4 quicksilver dragons
  7 titans
  2 deep elf blademasters (Elf:3)
  A kraken (Shoals:2)
  9 death cobs
  Agnes (D:15)
  8 sphinxes
  4 tengu reavers
  Roxanne (Elf:3)
  11 storm dragons
  5 shadow dragons
  Ilsuiw (Shoals:4)
  11 fire giants
  10 nagarajas
  2 draconian monks
  17 vault wardens
  8 draconian knights
  10 frost giants
  Aizul (Snake:4)
  2 iron dragons (Vaults:5)
  7 deep elf sorcerers
  An orc warlord (Orc:2)
  3 ghost moths
  A caustic shrike zombie (WizLab)
  5 draconian annihilators
  10 draconian scorchers
  6 draconian shifters
  3 deep elf elementalists
  5 spriggan defenders (Depths:4)
  12 ironheart preservers
  The ghost of heinrich the Gelid, a journeyman BaIE of Cheibriados (Orc:2)
  2 very ugly things
  3 entropy weavers
  4 war gargoyles (Vaults:5)
  8 draconian stormcallers
  2 vampire knights (Depths:4)
  16 stone giants
  7 deep elf demonologists
  9 black draconians
  10 green draconians
  Nessos (D:12)
  3 white draconians
  6 deep elf annihilators
  7 purple draconians
  7 red draconians
  12 yellow draconians
  A spark wasp (Depths:4)
  2 merfolk javelineers (Shoals:4)
  The ghost of EnegeticOcto the Fighter, a journeyman GnWn of Okawaru (Volcano)
  A minotaur (shapeshifter) (Vaults:5)
  16 ettins
  The ghost of Daviar the Martial Artist, a journeyman GnTm of Sif Muna (D:11)
  4 mummy priests
  A great orb of eyes (shapeshifter) (Depths:1)
  4 merfolk impalers
  A minotaur (Lab)
  6 deep elf death magi
  6 deep elf high priests
  8 great orbs of eyes
  Fannar (D:10)
  12 fire dragons
  18 yaktaur captains
  15 ice dragons
  24 vault guards (Vaults:5)
  12 naga warriors
  7 hydras
  8 rakshasas
  A hydra (shapeshifter) (Vaults:5)
  4 merfolk avatars
  A catoblepas (D:13)
  5 spriggan air magi
  Erica (D:8)
  19 ogre magi
  An anaconda (shapeshifter) (Vaults:5)
  2 death knights (Vaults:5)
  9 centaur warriors
  An alligator snapping turtle (Shoals:3)
  10 merfolk aquamancers
  46 two-headed ogres
  10 anacondas
  12 deep troll shamans
  3 tengu warriors
  7 deep troll earth magi
  A queen ant (shapeshifter) (Depths:4)
  A queen ant (Lair:3)
  9 spriggan berserkers
  14 naga sharpshooters
  An orc high priest (Orc:2)
  A vampire mage (Depths:4)
  7 shock serpents
  Sonja (D:10)
  7 hell knights
  21 deep elf knights
  2 iron trolls (Depths:4)
  A shadow wraith (Vaults:5)
  4 salamander mystics
  5 spriggans
  A spark wasp zombie (WizLab)
  6 skeletal warriors
  4 flayed ghosts
  A fire crab (Lair:6)
  The ghost of Enish the Geomancer, a novice OpEE of Makhleb (D:12)
  5 unseen horrors
  An orange crystal statue (Elf:1)
  A shadow demon (Zot:5)
  23 deep trolls
  8 sea snakes
  8 naga ritualists
  9 deep elf archers
  2 deep trolls (shapeshifter)
  A phantasmal warrior (Vaults:5)
  6 glowing orange brains
  A lindwurm (shapeshifter) (Vaults:1)
  5 wizards
  An anaconda skeleton (Volcano)
  18 harpies
  An iron dragon zombie (WizLab)
  9 orc knights
  A frost giant zombie (WizLab)
  5 necromancers
  61 deep elf magi
  11 ironbrand convokers
  4 wolf spiders
  9 cyclopes
  2 wolf spider zombies (D:15)
  7 orc sorcerers
  11 mana vipers
  20 ugly things
  2 oklob plants (D:11)
  10 manticores
  10 fauns
  15 moths of wrath
  22 salamanders
  A fire giant zombie (WizLab)
  3 stone giant zombies
  20 elephants (Lair:6)
  A rust devil (Depths:4)
  A manticore (shapeshifter) (Vaults:1)
  5 merfolk sirens
  A stone giant skeleton (Depths:1)
  Joseph (D:7)
  14 vault sentinels
  4 guardian serpents
  2 black mambas (shapeshifter)
  6 water nymphs
  6 centaur zombies
  2 ice statues (IceCv)
  25 naga magi
  A centaur skeleton (D:14)
  An orange demon (D:1)
  28 black mambas
  Psyche (D:10)
  12 spiny frogs
  2 demonspawn zombies (WizLab)
  4 gargoyles
  A hellion (Depths:3)
  44 yaktaurs
  A yaktaur zombie (WizLab)
  2 kobold demonologists
  5 rime drakes
  6 komodo dragons
  6 freezing wraiths
  2 ice devils
  2 demonic crawlers (Elf:1)
  2 tengu conjurers
  2 hellwings
  2 guardian mummies (WizLab)
  2 red devils (Depths:3)
  26 merfolk
  12 wind drakes
  A queen bee (shapeshifter) (Vaults:4)
  11 trolls
  3 wind drakes (shapeshifter)
  5 polar bears
  13 hornets
  8 hippogriffs
  Prince Ribbit (D:6)
  7 snapping turtles
  6 slime creatures
  A fire dragon zombie (WizLab)
  A deep troll zombie (WizLab)
  19 dream sheep
  An ettin zombie (WizLab)
  13 blink frogs
  2 raiju (shapeshifter)
  2 spriggan zombies (Depths:1)
  An ice dragon zombie (WizLab)
  Sigmund (D:2)
  An air elemental (Elf:3)
  3 flying skulls (Volcano)
  2 spriggans (shapeshifter) (Vaults:2)
  8 wraiths
  A redback (Vaults:4)
  A vampire (D:15)
  2 ynoxinuls
  An alligator skeleton (Volcano)
  A basilisk (Lair:4)
  6 fire bats
  14 water elementals
  A centaur simulacrum (D:15)
  5 wyverns
  4 fire elementals
  25 yaks
  5 large abominations
  A golden eye (shapeshifter) (Depths:1)
  16 humans
  4 vampire mosquitoes
  A basilisk (shapeshifter) (Depths:1)
  A chaos spawn (Depths:2)
  A neqoxec (Abyss:3)
  43 nagas
  6 wargs
  2 human zombies (WizLab)
  21 soldier ants
  Duvessa (D:7)
  An acid dragon (Vaults:1)
  12 water moccasins
  8 porcupines
  2 floating eyes
  41 orc warriors
  2 eyes of draining
  A hornet zombie (D:15)
  A black bear (shapeshifter) (Elf:3)
  A black bear (Lair:5)
  5 sky beasts
  18 ice beasts
  3 wolves (Lair:2)
  An eye of draining (shapeshifter) (Vaults:5)
  51 ogres
  A centaur (shapeshifter) (Vaults:5)
  A tengu (shapeshifter) (Depths:4)
  35 centaurs
  2 human skeletons (Vaults:4)
  12 crocodiles
  26 big kobolds
  10 small abominations
  2 gnoll sergeants
  17 bullfrogs
  A deep troll simulacrum (Vaults:2)
  2 earth elementals
  A wyvern zombie (D:9)
  Dowan (D:7)
  A wyvern skeleton (D:15)
  2 scorpions (D:8)
  An elf simulacrum (Vaults:1)
  14 killer bees
  3 troll skeletons (Volcano)
  11 wights
  4 howler monkeys (D:8)
  11 crimson imps
  A bullfrog zombie (D:5)
  2 quasits
  10 hounds
  2 gnoll shamans (D:6)
  4 jellies
  31 orc priests
  19 orc wizards
  Terence (D:3)
  2 iguanas
  Natasha (thrice) (D:4)
  24 worker ants
  A killer bee zombie (D:6)
  A worker ant zombie (D:10)
  8 gnolls
  14 adders
  3 shadow imps
  13 white imps
  3 oozes
  3 adder zombies
  An adder skeleton (D:5)
  A worm (shapeshifter) (Elf:3)
  2 dart slugs (D:2)
  5 worms
  3 leopard geckos
  137 orcs
  4 giant cockroaches
  16 hobgoblins
  13 jackals
  19 kobolds
  5 quokkas
  2 ball pythons
  A ball python skeleton (Ossuary)
  6 bats
  4 frilled lizards
  8 goblins
  2 hobgoblin skeletons (Ossuary)
  2 hobgoblin zombies (Ossuary)
  2 kobold zombies (Ossuary)
  A leopard gecko zombie (D:10)
  7 rats
  A plant (Shoals:1)
2224 creatures vanquished.

Vanquished Creatures (collateral kills)
  A bone dragon (Depths:5)
  A storm dragon (Zot:5)
  A draconian stormcaller (Depths:5)
  A stone giant (shapeshifter) (Zot:5)
  A vault guard (Vaults:5)
  A skeletal warrior (Volcano)
  An ironbrand convoker (Vaults:5)
  A moth of wrath (Zot:5)
  2 yaktaurs (Vaults:5)
10 creatures vanquished.

Vanquished Creatures (others)
  Asterion (Snake:3)
  3 eldritch tentacles
  A draconian knight (Zot:4)
  A merfolk javelineer (Shoals:4)
  A yaktaur captain (Vaults:5)
  19 dancing weapons
  3 naga sharpshooters (Snake:4)
  A deep elf knight (Elf:1)
  A deep elf archer (Elf:1)
  4 deep elf magi
  A faun (Shoals:1)
  3 cyclopes
  5 yaktaurs
  An air elemental (Elf:3)
  An ogre (Depths:2)
  8 centaurs
  A gnoll (D:6)
  2 orcs
  8 fungi
  24 plants
89 creatures vanquished.

Grand Total: 2323 creatures vanquished

Notes
Turn   | Place    | Note
-------+----------+-------------------------------------------
     0 | D:1      | Laird the Gnoll Wanderer began the quest for the Orb.
     0 | D:1      | Laird set off with: a +2 quarterstaff, a potion of lignification, a +0 shield, a +0 robe, a bread ration
     0 | D:1      | Reached XP level 1. HP: 23/23 MP: 2/2
    71 | D:1      | Reached XP level 2. HP: 27/29 MP: 3/3
   770 | D:2      | Reached XP level 3. HP: 31/35 MP: 4/4
   893 | D:2      | Reached skill level 1 in Invocations
   974 | D:2      | Reached skill level 1 in Short Blades
   974 | D:2      | Reached skill level 1 in Long Blades
   974 | D:2      | Reached skill level 1 in Axes
   974 | D:2      | Reached skill level 1 in Maces & Flails
   974 | D:2      | Reached skill level 1 in Polearms
   974 | D:2      | Reached skill level 1 in Slings
   974 | D:2      | Reached skill level 1 in Bows
   974 | D:2      | Reached skill level 1 in Crossbows
   974 | D:2      | Reached skill level 1 in Throwing
   974 | D:2      | Reached skill level 1 in Stealth
   974 | D:2      | Reached skill level 1 in Unarmed Combat
   974 | D:2      | Reached skill level 1 in Spellcasting
  1044 | D:2      | Noticed Sigmund
  1090 | D:2      | Killed Sigmund
  1090 | D:2      | Reached skill level 1 in Conjurations
  1090 | D:2      | Reached skill level 1 in Hexes
  1090 | D:2      | Reached skill level 1 in Charms
  1090 | D:2      | Reached skill level 1 in Summonings
  1090 | D:2      | Reached skill level 1 in Necromancy
  1090 | D:2      | Reached skill level 1 in Translocations
  1090 | D:2      | Reached skill level 1 in Transmutations
  1090 | D:2      | Reached skill level 1 in Fire Magic
  1090 | D:2      | Reached skill level 1 in Ice Magic
  1090 | D:2      | Reached skill level 1 in Air Magic
  1090 | D:2      | Reached skill level 1 in Earth Magic
  1090 | D:2      | Reached skill level 1 in Poison Magic
  1090 | D:2      | Reached XP level 4. HP: 14/41 MP: 6/6
  1090 | D:2      | Reached XP level 5. HP: 16/47 MP: 7/7
  1349 | D:2      | Found a glowing golden altar of the Shining One.
  1417 | D:2      | Reached XP level 6. HP: 50/53 MP: 8/8
  1962 | D:3      | Noticed Terence
  1979 | D:3      | Killed Terence
  1979 | D:3      | Reached skill level 5 in Staves
  1979 | D:3      | Reached skill level 5 in Armour
  2426 | D:4      | Found a staircase to the Ecumenical Temple.
  2427 | D:4      | Noticed Natasha
  2434 | D:4      | Killed Natasha
  2480 | Temple   | Entered the Ecumenical Temple
  2486 | Temple   | Became a worshipper of Gozag Ym Sagoz the Greedy
  2754 | D:4      | Reached XP level 7. HP: 41/59 MP: 10/10
  3032 | D:4      | Found a shimmering altar of Xom.
  3171 | D:4      | Noticed Natasha
  3194 | D:4      | Killed Natasha
  3333 | D:4      | Found a faded altar of an unknown god.
  3333 | D:4      | Found a faded altar of an unknown god.
  3346 | D:4      | Found an ancient bone altar of Kikubaaqudgha.
  3348 | D:4      | Found a glowing silver altar of Zin.
  3349 | D:4      | Found a radiant altar of Vehumet.
  3441 | D:4      | Noticed Natasha
  3450 | D:4      | Killed Natasha
  3567 | D:5      | Entered Level 5 of the Dungeon
  3828 | D:5      | Reached XP level 8. HP: 65/67 MP: 12/12
  5011 | D:6      | Noticed Prince Ribbit
  5129 | D:6      | Found a sand-covered staircase.
  5138 | D:6      | Killed Prince Ribbit
  5166 | Ossuary  | Entered an ossuary
  5453 | Ossuary  | Noticed a flying skull
  5453 | Ossuary  | Noticed a wraith
  5460 | Ossuary  | Noticed a flying skull
  5487 | Ossuary  | Noticed a flying skull
  5506 | Ossuary  | Noticed a flying skull
  5512 | Ossuary  | Noticed a wraith
  5543 | Ossuary  | Killed a wraith
  5543 | Ossuary  | Reached skill level 6 in Armour
  5543 | Ossuary  | Reached XP level 9. HP: 24/72 MP: 14/14
  6525 | D:6      | Reached skill level 5 in Dodging
  6525 | D:6      | Reached skill level 5 in Shields
  6525 | D:6      | Reached skill level 5 in Evocations
  7906 | D:7      | Noticed Dowan
  7909 | D:7      | Noticed Duvessa
  7917 | D:7      | Killed Duvessa
  7917 | D:7      | Reached skill level 5 in Invocations
  7921 | D:7      | Killed Dowan
  8165 | D:7      | Noticed Joseph
  8203 | D:7      | Killed Joseph
  8203 | D:7      | Reached XP level 10. HP: 39/80 MP: 15/17
  9118 | D:7      | Found a stormy altar of Qazlal.
 10136 | D:8      | Found Osmiyn's Assorted Antiques.
 10144 | D:8      | Bought a smoky amethyst potion for 24 gold pieces
 10144 | D:8      | Bought a scroll labeled YMIGREE LEZOGI for 27 gold pieces
 10149 | D:8      | Bought 2 potions of might for 216 gold pieces
 10544 | D:8      | Reached skill level 5 in Short Blades
 10544 | D:8      | Reached skill level 5 in Long Blades
 10544 | D:8      | Reached skill level 5 in Axes
 10544 | D:8      | Reached skill level 5 in Maces & Flails
 10544 | D:8      | Reached skill level 5 in Polearms
 10544 | D:8      | Reached skill level 5 in Slings
 10544 | D:8      | Reached skill level 5 in Bows
 10544 | D:8      | Reached skill level 5 in Crossbows
 10544 | D:8      | Reached skill level 5 in Throwing
 10544 | D:8      | Reached skill level 5 in Stealth
 10544 | D:8      | Reached skill level 5 in Unarmed Combat
 10544 | D:8      | Reached skill level 5 in Spellcasting
 10621 | D:8      | Noticed Erica
 10634 | D:8      | Killed Erica
 10634 | D:8      | Reached skill level 7 in Armour
 12535 | D:10     | Entered Level 10 of the Dungeon
 12562 | D:10     | Got an amethyst-encrusted ring mail
 12573 | D:10     | Identified the +3 ring mail "Ril Edgh" {*Contam Str+7 Dex+4} (You found it on level 10 of the Dungeon)
 12894 | D:10     | Reached XP level 11. HP: 87/87 MP: 8/19
 12970 | D:10     | Noticed Psyche
 12980 | D:10     | Killed Psyche
 13044 | D:10     | Noticed Sonja
 13051 | D:10     | Killed Sonja
 13161 | D:10     | Noticed Fannar
 13178 | D:10     | Killed Fannar
 13178 | D:10     | Reached skill level 5 in Conjurations
 13178 | D:10     | Reached skill level 5 in Hexes
 13178 | D:10     | Reached skill level 5 in Charms
 13178 | D:10     | Reached skill level 5 in Summonings
 13178 | D:10     | Reached skill level 5 in Necromancy
 13178 | D:10     | Reached skill level 5 in Translocations
 13178 | D:10     | Reached skill level 5 in Transmutations
 13178 | D:10     | Reached skill level 5 in Fire Magic
 13178 | D:10     | Reached skill level 5 in Ice Magic
 13178 | D:10     | Reached skill level 5 in Air Magic
 13178 | D:10     | Reached skill level 5 in Earth Magic
 13178 | D:10     | Reached skill level 5 in Poison Magic
 13951 | D:10     | Found Oreidas's General Store.
 13978 | D:10     | Bought a +0 cloak for 72 gold pieces
 14040 | D:10     | Paralysed by a hornet for 3 turns
 14164 | D:10     | Bought a +1 buckler of reflection for 175 gold pieces
 14205 | D:11     | Noticed Daviar's ghost (journeyman GnTm)
 14350 | D:11     | Killed Daviar's ghost
 14350 | D:11     | Reached skill level 8 in Armour
 14628 | D:11     | Noticed an oklob plant
 14681 | D:11     | Killed an unseen horror
 14924 | D:11     | Reached XP level 12. HP: 71/96 MP: 22/22
 15034 | D:11     | Found a staircase to the Orcish Mines.
 15355 | D:11     | Found a staircase to the Lair.
 15367 | Lair:1   | Entered Level 1 of the Lair of Beasts
 16623 | Lair:2   | Found a labyrinth entrance.
 16658 | Lab      | Entered a labyrinth
 16907 | Lab      | Noticed a minotaur
 16925 | Lab      | Killed a minotaur
 16932 | Lab      | Got a crude flail {protect}
 16933 | Lab      | Identified the +9 flail of Kotrowiu {protect, rPois rF+ MR+ Str-2 Stlth+} (You took it off a minotaur in a labyrinth)
 16943 | Lab      | Identified the Compendium of Spatial Venom
 16962 | Lab      | Identified a scroll of acquirement
 16963 | Lab      | Got a steaming hunting sling
 16964 | Lab      | Identified the +10 hunting sling of Gyifun {freeze, rPois rN+ MR+ SInv Stlth-} (You acquired it in a labyrinth)
 17244 | Lair:2   | Found a staircase to the Shoals.
 17533 | Lair:2   | Found the +2 ratskin cloak {+Rats rPois rN+ Str-1 Int-1 Dex+1}
 17571 | Lair:2   | Reached skill level 10 in Fighting
 18298 | Lair:3   | Reached skill level 9 in Armour
 18382 | Lair:3   | Found a dark tunnel.
 18409 | Volcano  | Entered a volcano
 18409 | Volcano  | Noticed EnegeticOcto's ghost (journeyman GnWn)
 18434 | Volcano  | Killed EnegeticOcto's ghost
 18434 | Volcano  | Reached XP level 13. HP: 103/103 MP: 24/24
 20416 | Lair:4   | Got a clouded granite ring
 20417 | Lair:4   | Identified the ring "Sugoduob" {Ice rElec Stlth+} (You found it on level 4 of the Lair of Beasts)
 20476 | Lair:4   | Found a staircase to the Snake Pit.
 20532 | Lair:4   | Got a shimmering leather armour
 22166 | Lair:6   | Entered Level 6 of the Lair of Beasts
 22172 | Lair:5   | Reached XP level 14. HP: 111/111 MP: 26/26
 22533 | Lair:6   | Reached skill level 10 in Staves
 22533 | Lair:6   | Reached skill level 10 in Armour
 22820 | Lair:6   | Identified the Compendium of Igneous Translocation
 22823 | Lair:6   | Got a faintly glowing emerald amulet
 22825 | Lair:6   | Paralysed by a hornet for 3 turns
 23362 | Lair:6   | Identified the amulet "Puystal" {Regen+ Str+3} (You found it on level 6 of the Lair of Beasts)
 23438 | Lair:6   | Reached skill level 10 in Invocations
 23962 | Lair:6   | Identified the +1 leather armour of Kuufem {Str+4 Int+3} (You found it on level 4 of the Lair of Beasts)
 23969 | Lair:6   | Learned a level 1 spell: Apportation
 23974 | Lair:6   | Learned a level 4 spell: Iskenderun's Mystic Blast
 24116 | Lair:6   | Found a staircase to the Slime Pits.
 24116 | Lair:6   | Found a viscous altar of Jiyva.
 24498 | Lair:2   | Learned a level 3 spell: Ozocubu's Armour
 24620 | D:11     | Found a blossoming altar of Fedhas.
 24942 | Orc:1    | Entered Level 1 of the Orcish Mines
 25445 | Orc:2    | Entered Level 2 of the Orcish Mines
 25494 | Orc:2    | Noticed heinrich's ghost (journeyman BaIE)
 25521 | Orc:2    | Killed heinrich's ghost
 26108 | Orc:2    | Found a staircase to the Elven Halls.
 26318 | Orc:2    | Found a roughly hewn altar of Beogh.
 26323 | Orc:2    | Found Hievuod's Distillery.
 26330 | Orc:2    | Reached XP level 15. HP: 119/119 MP: 28/28
 26462 | Orc:2    | Found a roughly hewn altar of Beogh.
 26483 | Orc:2    | Found Emohiaff's Food Shop.
 26556 | Orc:2    | Found a roughly hewn altar of Beogh.
 26655 | Orc:2    | Found a roughly hewn altar of Beogh.
 26712 | Orc:2    | Found a roughly hewn altar of Beogh.
 26783 | Orc:2    | Noticed an orc warlord
 26796 | Orc:2    | Reached skill level 10 in Dodging
 26796 | Orc:2    | Reached skill level 10 in Shields
 26796 | Orc:2    | Reached skill level 10 in Evocations
 26811 | Orc:2    | Killed an orc warlord
 26875 | Orc:2    | Found Mouqifig's Antique Weapon Shoppe.
 26875 | Orc:2    | Found a roughly hewn altar of Beogh.
 26876 | Orc:2    | Found Mirras's Antique Armour Emporium.
 26928 | Orc:2    | Bought a pair of runed boots for 210 gold pieces
 27167 | Orc:2    | Bought a +3 lajatang of electrocution for 599 gold pieces
 27186 | Orc:2    | Bought a slimy fustibalus for 540 gold pieces
 27186 | Orc:2    | Identified the +2 fustibalus of the Heavens {velocity, rC- Str+8 Dex+4} (You bought it in a shop on level 2 of the Orcish Mines)
 27252 | D:12     | Found a flagged portal.
 27270 | Bailey   | Entered a bailey
 27891 | D:12     | Noticed Enish's ghost (novice OpEE)
 27898 | D:12     | Killed Enish's ghost
 27912 | D:12     | Found a frozen archway.
 27948 | IceCv    | Entered an ice cave
 28960 | IceCv    | Reached skill level 10 in Short Blades
 28960 | IceCv    | Reached skill level 10 in Long Blades
 28960 | IceCv    | Reached skill level 10 in Axes
 28960 | IceCv    | Reached skill level 10 in Maces & Flails
 28960 | IceCv    | Reached skill level 10 in Polearms
 28960 | IceCv    | Reached skill level 10 in Slings
 28960 | IceCv    | Reached skill level 10 in Bows
 28960 | IceCv    | Reached skill level 10 in Crossbows
 28960 | IceCv    | Reached skill level 10 in Throwing
 28960 | IceCv    | Reached skill level 11 in Armour
 28960 | IceCv    | Reached skill level 10 in Stealth
 28960 | IceCv    | Reached skill level 10 in Unarmed Combat
 28960 | IceCv    | Reached skill level 10 in Spellcasting
 28960 | IceCv    | Reached XP level 16. HP: 84/127 MP: 28/30
 29017 | IceCv    | Got a shimmering silver ring
 29028 | IceCv    | Learned a level 2 spell: Blink
 29032 | IceCv    | Identified the ring "Moron" {rN+ MR+ Str+8} (You found it in an ice cave)
 29080 | IceCv    | Learned a level 3 spell: Conjure Flame
 29904 | D:12     | Found a burning altar of Makhleb.
 29904 | D:12     | Noticed an Executioner
 30248 | D:13     | Found a gate to the Vaults.
 30248 | D:13     | Noticed Nessos
 30272 | D:12     | Killed Nessos
 30540 | D:13     | Found a shadowy altar of Dithmenos.
 31605 | D:14     | Reached skill level 12 in Armour
 31664 | D:14     | Learned a level 1 spell: Animate Skeleton
 31741 | D:14     | Got a pair of smoking gloves
 31753 | D:14     | Identified the cursed -2 pair of gloves "Ammion" {rN+ Slay+2 Stlth+} (You found it on level 14 of the Dungeon)
 32346 | D:15     | Entered Level 15 of the Dungeon
 32583 | D:15     | Reached XP level 17. HP: 126/133 MP: 31/31
 32786 | D:15     | Noticed Agnes
 32796 | D:15     | Killed Agnes
 33199 | D:15     | Found a staircase to the Depths.
 33947 | Snake:1  | Entered Level 1 of the Snake Pit
 35908 | Snake:2  | Reached skill level 13 in Armour
 35981 | Snake:2  | Learned a level 5 spell: Metabolic Englaciation
 36644 | Snake:3  | Found Weommyge's Jewellery Emporium.
 37291 | Snake:3  | Noticed Mara
 37313 | Snake:3  | Noticed Laird's illusion
 37334 | Snake:3  | Noticed Laird's illusion
 38113 | Snake:3  | Noticed Laird's illusion
 39165 | Snake:3  | Noticed Laird's illusion
 39617 | Snake:3  | Noticed Asterion
 39629 | Snake:3  | Noticed an Executioner
 39629 | Snake:3  | Killed Asterion
 39908 | Snake:4  | Entered Level 4 of the Snake Pit
 39911 | Snake:4  | Found a runed door.
 39917 | Snake:4  | Noticed Bai Suzhen
 40345 | Snake:4  | Reached XP level 18. HP: 138/142 MP: 33/33
 40440 | Snake:4  | Noticed Aizul
 40459 | Snake:4  | Killed Aizul
 40621 | Snake:4  | Learned a level 6 spell: Freezing Cloud
 40798 | Snake:4  | Killed Bai Suzhen
 40975 | Snake:4  | Reached skill level 10 in Conjurations
 40975 | Snake:4  | Reached skill level 10 in Hexes
 40975 | Snake:4  | Reached skill level 10 in Charms
 40975 | Snake:4  | Reached skill level 10 in Summonings
 40975 | Snake:4  | Reached skill level 10 in Necromancy
 40975 | Snake:4  | Reached skill level 10 in Translocations
 40975 | Snake:4  | Reached skill level 10 in Transmutations
 40975 | Snake:4  | Reached skill level 10 in Fire Magic
 40975 | Snake:4  | Reached skill level 10 in Ice Magic
 40975 | Snake:4  | Reached skill level 10 in Air Magic
 40975 | Snake:4  | Reached skill level 10 in Earth Magic
 40975 | Snake:4  | Reached skill level 10 in Poison Magic
 41490 | Snake:4  | Reached skill level 14 in Armour
 42175 | Snake:4  | Got a serpentine rune of Zot
 42572 | Lair:1   | You fall through a shaft!
 42715 | Elf:1    | Entered Level 1 of the Elven Halls
 42815 | Elf:1    | Reached XP level 19. HP: 145/150 MP: 35/35
 43329 | Elf:1    | Found a magical portal.
 43341 | WizLab   | Entered Doroklohe's Tomb
 43665 | WizLab   | Noticed an ancient lich
 43876 | WizLab   | Noticed a Tzitzimitl
 43879 | WizLab   | Killed an ancient lich
 43986 | WizLab   | Identified a +0 pair of boots of running (You found it in a wizard's laboratory)
 44205 | Elf:1    | Identified the Incunabulum of Creation
 45198 | Elf:2    | Found Rel Zec's Food Boutique.
 45407 | Elf:2    | Found Ocozo's Food Boutique.
 45407 | Elf:2    | Found Jeiribak's General Store.
 45421 | Elf:2    | Reached skill level 15 in Armour
 46001 | Elf:2    | Found a runed gate.
 46001 | Elf:2    | Found a runed gate.
 46001 | Elf:2    | Found a runed gate.
 46595 | Elf:3    | Entered Level 3 of the Elven Halls
 46660 | Elf:3    | Noticed Roxanne
 46686 | Elf:3    | Killed Roxanne
 46821 | Elf:3    | Learned a level 6 spell: Iron Shot
 47116 | Elf:3    | Reached XP level 20. HP: 149/159 MP: 10/36
 47414 | Elf:3    | Found the +7 sceptre of Torment
 47468 | Elf:3    | Cast into level 3 of the Abyss (a deep elf demonologist)
 47562 | Abyss:3  | Gained mutation: You tend to lose your temper in combat. [a neqoxec]
 47609 | Abyss:3  | Found a bloodstained altar of Trog.
 47620 | Elf:3    | Escaped the Abyss
 47821 | Elf:3    | Lost mutation: You tend to lose your temper in combat. [potion of mutation]
 47821 | Elf:3    | Gained mutation: Your magical capacity is low. (-10% MP) [potion of mutation]
 47821 | Elf:3    | Lost mutation: Your magical capacity is low. (-10% MP) [potion of mutation]
 47821 | Elf:3    | Gained mutation: You are surrounded by a mild repulsion field. (EV +2) [potion of mutation]
 47829 | Elf:3    | Got an ancient steel ring
 47830 | Elf:3    | Identified the ring "Tiubeudgh" {Fire rN+ SInv} (You found it on level 3 of the Elven Halls)
 47847 | Elf:3    | Identified Imameirch's Compendium of the Supportive Volcanoes
 47857 | Elf:3    | Got a crude morningstar
 47858 | Elf:3    | Identified the +2 morningstar "Hyuwu" {drain, rElec rF+} (You found it on level 3 of the Elven Halls)
 47914 | Elf:3    | Identified the Volume of the Enchanting Birds
 47919 | Elf:3    | Learned a level 2 spell: Swiftness
 47927 | Elf:3    | Learned a level 7 spell: Malign Gateway
 48390 | Vaults:1 | Entered Level 1 of the Vaults
 48443 | Vaults:1 | Noticed Saint Roka
 48477 | Vaults:1 | Killed Saint Roka
 48682 | Vaults:1 | Reached skill level 16 in Armour
 49458 | Vaults:1 | Found Mevoariq's Weapon Boutique.
 50408 | Vaults:2 | Reached XP level 21. HP: 166/166 MP: 38/38
 51663 | Vaults:3 | Found Fikutit's Magic Scroll Emporium.
 51663 | Vaults:3 | Noticed Frederick
 51671 | Vaults:3 | Killed Frederick
 52307 | Vaults:3 | Noticed a bone dragon
 52325 | Vaults:3 | Killed a bone dragon
 52784 | Vaults:3 | Found a staircase to the Crypt.
 53228 | Vaults:3 | Bought a smoking morningstar for 180 gold pieces
 53228 | Vaults:3 | Bought a runed demon whip for 360 gold pieces
 53230 | Vaults:3 | Identified the +8 morningstar of Generosity {crush, *Slow MP+9 Str+6 Dex+4} (You bought it in a shop on level 3 of the Vaults)
 53330 | Vaults:4 | Reached skill level 17 in Armour
 53489 | Vaults:4 | Noticed Margery
 53531 | Vaults:4 | Killed Margery
 53882 | Vaults:4 | Learned a level 3 spell: Regeneration
 53917 | Vaults:4 | Reached skill level 15 in Fighting
 54105 | Vaults:4 | Reached skill level 15 in Invocations
 54293 | Vaults:4 | Reached XP level 22. HP: 175/175 MP: 39/39
 55623 | Vaults:4 | Found Moaty's Jewellery Shoppe.
 55759 | Vaults:5 | Entered Level 5 of the Vaults
 55762 | Vaults:5 | Noticed Boris
 56862 | Vaults:5 | Killed Boris
 56862 | Vaults:5 | Reached skill level 15 in Staves
 56862 | Vaults:5 | Reached skill level 18 in Armour
 57077 | Vaults:5 | Noticed Mennas
 57108 | Vaults:5 | Killed Mennas
 57168 | Vaults:5 | Reached XP level 23. HP: 113/182 MP: 41/41
 57902 | Vaults:5 | Got a pitted marble ring
 57925 | Vaults:5 | Identified the ring of Datoojaq {Ice *Corrode +Blink +Inv Slay-4} (You took it off an orc on level 5 of the Vaults)
 58151 | Vaults:5 | Identified the Almanac of Ashen Shape Shifting
 58153 | Vaults:5 | Identified Butwofoz's Collected Works on the Escort
 58333 | Vaults:5 | Noticed an ancient lich
 58340 | Vaults:5 | Paralysed by an ancient lich for 4 turns
 58352 | Vaults:5 | Killed an ancient lich
 58352 | Vaults:5 | Reached skill level 15 in Dodging
 58352 | Vaults:5 | Reached skill level 15 in Shields
 58352 | Vaults:5 | Reached skill level 15 in Evocations
 58719 | Vaults:5 | Got a silver rune of Zot
 59274 | Depths:1 | Entered Level 1 of the Depths
 59427 | Depths:1 | Noticed Nikola
 59436 | Depths:1 | Killed Nikola
 59828 | Depths:1 | Found a gateway to Hell.
 59843 | Depths:1 | Reached skill level 15 in Short Blades
 59843 | Depths:1 | Reached skill level 15 in Long Blades
 59843 | Depths:1 | Reached skill level 15 in Axes
 59843 | Depths:1 | Reached skill level 15 in Maces & Flails
 59843 | Depths:1 | Reached skill level 15 in Polearms
 59843 | Depths:1 | Reached skill level 15 in Slings
 59843 | Depths:1 | Reached skill level 15 in Bows
 59843 | Depths:1 | Reached skill level 15 in Crossbows
 59843 | Depths:1 | Reached skill level 15 in Throwing
 59843 | Depths:1 | Reached skill level 15 in Stealth
 59843 | Depths:1 | Reached skill level 15 in Unarmed Combat
 59843 | Depths:1 | Reached skill level 15 in Spellcasting
 60311 | Depths:1 | Found a one-way gate to the infinite horrors of the Abyss.
 60848 | Depths:2 | Reached XP level 24. HP: 191/191 MP: 42/42
 60946 | Depths:2 | Found a one-way gate leading to the halls of Pandemonium.
 60958 | Depths:2 | Reached skill level 19 in Armour
 61375 | Depths:2 | Found a shattered altar of Ashenzari.
 61565 | Depths:2 | Noticed a greater mummy
 61587 | Depths:2 | Killed a greater mummy
 61860 | Depths:2 | Noticed a greater mummy
 61876 | Depths:2 | Killed a greater mummy
 62088 | Depths:2 | Noticed a greater mummy
 62858 | Depths:2 | Paralysed by a floating eye for 2 turns
 62864 | Depths:2 | Paralysed by a floating eye for 2 turns
 63246 | Depths:2 | HP: 7/191 [emperor scorpion[a greater mummy] (9)]
 63246 | Depths:2 | HP: 3/191 [emperor scorpion[a greater mummy] (4)]
 63982 | Depths:2 | Killed a greater mummy
 64351 | Depths:2 | Found Nagrympe's Jewellery Emporium.
 64351 | Depths:2 | Found Oskax's Gadget Shop.
 64352 | Depths:2 | Found Tomeh's Gadget Shop.
 66187 | Depths:4 | Found a gateway to a ziggurat.
 66195 | Depths:4 | Found a sacrificial altar of Ru.
 66195 | Depths:4 | Found a basalt altar of Yredelemnul.
 66196 | Depths:4 | Found a shattered altar of Ashenzari.
 66205 | Depths:4 | Reached XP level 25. HP: 199/199 MP: 42/42
 66871 | Depths:4 | HP: 8/199 [fire giant/great sword of flaming (31)]
 66961 | Depths:4 | Noticed a juggernaut
 66988 | Depths:5 | Entered Level 5 of the Depths
 67544 | Depths:5 | Reached skill level 20 in Armour
 67830 | Depths:5 | Found a gate to the Realm of Zot.
 69142 | Depths:5 | Upgraded the game from 0.21-a0-504-g2eda330 to 0.21-a0-508-gf08a75f
 69236 | Depths:5 | Killed a juggernaut
 69495 | Depths:4 | Noticed a juggernaut
 71409 | Depths:4 | Identified the Incunabulum of Curses and Lightness
 71437 | Depths:4 | Killed a juggernaut
 71441 | Depths:4 | Identified First Steps in Thaumaturgy
 72318 | Vaults:3 | Bought a scroll of enchant armour for 142 gold pieces
 72318 | Vaults:3 | Bought a scroll of enchant armour for 142 gold pieces
 72318 | Vaults:3 | Bought a scroll of enchant armour for 142 gold pieces
 72950 | Shoals:1 | Entered Level 1 of the Shoals
 72998 | Shoals:1 | Reached XP level 26. HP: 208/208 MP: 43/43
 74248 | Shoals:2 | Found Habaeb's Antique Weapon Shoppe.
 75412 | Shoals:4 | Entered Level 4 of the Shoals
 75603 | Shoals:4 | Noticed Ilsuiw
 75621 | Shoals:4 | Noticed kae's ghost (adept TrMo)
 75624 | Shoals:4 | Killed Ilsuiw
 75647 | Shoals:4 | Killed kae's ghost
 75805 | Shoals:4 | Got a barnacled rune of Zot
 76323 | Zot:1    | Entered Level 1 of the Realm of Zot
 76375 | Zot:2    | Reached skill level 21 in Armour
 76522 | Zot:2    | Got a shimmering steel amulet
 76526 | Zot:2    | Identified the amulet of Kiecoh {Spirit *Contam Str+4 Dex+4 Stlth+} (You found it on level 2 of the Realm of Zot)
 78111 | Zot:3    | Noticed an orb of fire
 78131 | Zot:3    | Gained mutation: You have sharp fingernails. [an orb of fire]
 78135 | Zot:3    | Killed an orb of fire
 78135 | Zot:3    | Reached XP level 27. HP: 176/216 MP: 43/43
 82158 | Zot:5    | Entered Level 5 of the Realm of Zot
 82176 | Zot:5    | Reached skill level 22 in Armour
 82474 | Zot:5    | Reached skill level 15 in Conjurations
 82474 | Zot:5    | Reached skill level 15 in Hexes
 82474 | Zot:5    | Reached skill level 15 in Charms
 82474 | Zot:5    | Reached skill level 15 in Summonings
 82474 | Zot:5    | Reached skill level 15 in Necromancy
 82474 | Zot:5    | Reached skill level 15 in Translocations
 82474 | Zot:5    | Reached skill level 15 in Transmutations
 82474 | Zot:5    | Reached skill level 15 in Fire Magic
 82474 | Zot:5    | Reached skill level 15 in Ice Magic
 82474 | Zot:5    | Reached skill level 15 in Air Magic
 82474 | Zot:5    | Reached skill level 15 in Earth Magic
 82474 | Zot:5    | Reached skill level 15 in Poison Magic
 83565 | Zot:5    | Noticed an ancient lich
 83573 | Zot:5    | Killed an ancient lich
 83585 | Zot:5    | Noticed an ancient lich
 83613 | Zot:5    | Noticed an ancient lich
 83617 | Zot:5    | Noticed an ancient lich
 83645 | Zot:5    | Killed an ancient lich
 83659 | Zot:5    | Killed an ancient lich
 83723 | Zot:5    | Killed an ancient lich
 83801 | Zot:5    | Noticed an orb of fire
 83803 | Zot:5    | Noticed an ancient lich
 83831 | Zot:5    | Gained mutation: You are frail. (-10% HP) [an orb of fire]
 83845 | Zot:5    | Killed an orb of fire
 84056 | Zot:5    | Lost mutation: You are frail. (-10% HP) [potion of mutation]
 84056 | Zot:5    | Lost mutation: You are surrounded by a mild repulsion field. (EV +2) [potion of mutation]
 84056 | Zot:5    | Gained mutation: Armour fits poorly on your strangely shaped body. [potion of mutation]
 84056 | Zot:5    | Gained mutation: Your flesh is cold resistant. (rC+) [potion of mutation]
 84057 | Zot:5    | Lost mutation: You have sharp fingernails. [potion of mutation]
 84057 | Zot:5    | Lost mutation: Armour fits poorly on your strangely shaped body. [potion of mutation]
 84057 | Zot:5    | Lost mutation: Your flesh is cold resistant. (rC+) [potion of mutation]
 84057 | Zot:5    | Gained mutation: You are agile. (Dex +2) [potion of mutation]
 84057 | Zot:5    | Gained mutation: Your body sometimes deteriorates upon taking damage. [potion of mutation]
 84057 | Zot:5    | Gained mutation: You are partially covered in large bone plates. (SH +4) [potion of mutation]
 84077 | Zot:5    | Noticed an orb of fire
 84083 | Zot:5    | Gained mutation: Your spells are a little harder to cast, but a little more powerful. [an orb of fire]
 84085 | Zot:5    | Gained mutation: Potions are less effective at restoring your health. [an orb of fire]
 84110 | Zot:5    | Killed an orb of fire
 84331 | Zot:5    | Got the Orb of Zot
 84359 | Zot:5    | Noticed Rynal the pandemonium lord
 84974 | D:$      | Escaped with the Orb!

Vault maps used:
D:1:      minmay_arrival_doors, minmay_bisected
D:2:      tso_metal_star, uniq_sigmund
D:3:      serial_curves, eino_curves_04, eino_curves_01, uniq_terence
D:4:      chequers_temple_overflow_minitemple, tgw_xom, temple_pool_b,
          uniq_natasha
D:5:      first_bread, grunt_decor_mini_mirrors
D:6:      kennysheep_housing_project, enter_ossuary_1, uniq_prince_ribbit1
D:7:      nicolae_qazlal_general_emergency, uniq_joseph, uniq_duvessa
D:8:      serial_shops, shop, uniq_erica
D:10:     serial_shops, kennysheep_mini_moat, hangedman_pestilent_swarm,
          kennysheep_nondescript, corexii_checkpoint_b, corexii_corridor_pit,
          serial_bayou_crossing, uniq_fannar, uniq_sonja, uniq_psyche
D:11:     dpeg_oklobed_lair, kennysheep_orc_monster_closet_entryway,
          fedhas_altar_fruit_tree
D:12:     portal_ice_cave_entry_imps, enter_bailey_2, minivault_11,
          makhleb_altar_promises_db
D:13:     david_vaults_3, minmay_fountain_box, nicolae_dithmenos_the_darkroom
D:14:     amethyst_killhole, minmay_misc_feat_room
D:15:     grunt_enter_depths_magical_seal, uniq_agnes
Temple:   eino_temple_rhombus
Lair:1:   grunt_megastairs_2, minmay_lair_oklob_chamber
Lair:2:   minmay_shoals_entry_centaurs, lab_entry_generic
Lair:3:   nicolae_volcano_entry_batcave, minivault_29, lemuel_fruit_fields,
          infiniplex_staircase_pool
Lair:4:   minmay_snake_entry_guardpost_small
Lair:6:   gammafunk_lair_ancient_temple, slime_altar_1,
          nicolae_quartered_pool_super
Shoals:2: serial_shops, nicolae_shop_trees, nicolae_shoals_kraken_intersection
Shoals:4: shoals_end_simple, shoal_ilsuiw
Snake:1:  spider_trap
Snake:3:  serial_shops, nicolae_shop_stone, uniq_asterion, uniq_mara
Snake:4:  snake_pit, lightli_airlock, uniq_aizul, uniq_bai_suzhen
Orc:2:    grunt_orc_community_town_hall, grunt_orc_community_big_house_1,
          grunt_orc_community_big_house_1, grunt_orc_community_house_1,
          grunt_orc_community_house_3, grunt_orc_community_house_2,
          grunt_orc_community_house_3, grunt_orc_community_house_2
Elf:1:    eino_elf_arrival_shootout, infiniplex_enter_wizlab_glasses,
          minmay_elf_demonology, minivault_16, einodemon_crawler_minivault
Elf:2:    serial_shops, nicolae_shop_crystal, basic_stair_grate_trap,
          minmay_shoptagon
Elf:3:    elf_hall, small_statue_intersection, uniq_roxanne
Vaults:1: nicolae_vaults_little_ls, v_misc_23, nicolae_vaults_triangles,
          v_misc_26, v_misc_30, serial_ice_g, nicolae_vaults_specimen_jars,
          serial_shops, shop_statue, uniq_saint_roka
Vaults:2: grunt_vaults_focal, hangedman_vaults_corner_blocks,
          grunt_vaults_swirl, hangedman_vaults_cutoff,
          nicolae_vaults_halls_meeting, ontoclasm_vaults_fault,
          hangedman_vaults_trim, v_misc_17, nicolae_vaults_little_squares_2,
          hangedman_vaults_capsules, vaults_dpeg_encased_lava, v_alt_pattern_2,
          v_misc_18, ontoclasm_vaults_ligature
Vaults:3: minmay_crypt_entry_nasty_monster, vaults_mumra_hex,
          nicolae_vaults_circle_grid_a, nicolae_vaults_rhombus_7,
          nicolae_vaults_circle_grid_b, nicolae_vaults_network_quinsquares,
          serial_ice_m, v_misc_17, vaults_mumra_chevron, vaults_room_grid,
          vaults_room_fours, serial_shops, shop, uniq_frederick
Vaults:4: v_misc_15, vaults_standard_mumra_x, vaults_room_large_hall,
          ontoclasm_vaults_ring_large, nicolae_vaults_circle_grid_b,
          nicolae_vaults_puzzle_piece, ontoclasm_vaults_spin, v_misc_15,
          nicolae_vaults_border_crossing, nicolae_vaults_shelves_hall,
          v_misc_30, nicolae_vaults_shelves_hall, nicolae_vaults_alarming,
          serial_shops, shop, uniq_margery
Vaults:5: uniq_boris, uniq_mennas
Depths:1: minmay_misc_feat_columns, hell_entry, abyss_entry,
          minmay_hollow_rounded_squares, kennysheep_random_hallway, uniq_nikola
Depths:2: minmay_guarded_unrand_sceptre_of_torment, pan_entry, moated_statue,
          minmay_room_of_horrors, hell_entry, evilmike_ruin_ashenzari,
          minmay_shop_grove
Depths:3: kennysheep_six_static_rooms, pan_entry, hellmouth_1,
          minmay_tree_intersection, infiniplex_staircase_pool_2
Depths:4: hangedman_slaughterboxes, hell_entry, pan_entry, abyss_entry
Depths:5: evilmike_zot_entry_argh, hell_entry, minmay_misc_feat_rugged
Zot:2:    grunt_zot_stairs_faceoff
Zot:4:    zot_minivault_7
Abyss:3:  hangedman_decor_peaks_small, doesnt_abyss_rune_brain_food,
          hangedman_shadowy_showcase
Lab:      labyrinth_green, nicolae_lab_arrow
Ossuary:  ossuary_due_cavern
Bailey:   bailey_polearm_flooded_kennysheep, bailey
IceCv:    ice_cave_small_dragons
Volcano:  volcano_tomb
WizLab:   wizlab_doroklohe

Skill      XL: |  1  2  3  4  5  6  7  8  9 10 11 12 13 14 15 16 17 18 19 20 21 22 23 24 25 26 27 |
---------------+----------------------------------------------------------------------------------+-----
Invocations    | 1 2 3 4 5 6 7 8 9 10 11 12 13 14 15 16 17 18 19 | 19.3
Short Blades   | 1 2 3 4 5 6 7 8 9 10 11 12 13 14 15 16 17 | 17.9
Long Blades    | 1 2 3 4 5 6 7 8 9 10 11 12 13 14 15 16 17 | 17.9
Axes           | 1 2 3 4 5 6 7 8 9 10 11 12 13 14 15 16 17 | 17.9
Maces & Flails | 1 2 3 4 5 6 7 8 9 10 11 12 13 14 15 16 17 | 17.9
Polearms       | 1 2 3 4 5 6 7 8 9 10 11 12 13 14 15 16 17 | 17.9
Slings         | 1 2 3 4 5 6 7 8 9 10 11 12 13 14 15 16 17 | 17.9
Bows           | 1 2 3 4 5 6 7 8 9 10 11 12 13 14 15 16 17 | 17.9
Crossbows      | 1 2 3 4 5 6 7 8 9 10 11 12 13 14 15 16 17 | 17.9
Throwing       | 1 2 3 4 5 6 7 8 9 10 11 12 13 14 15 16 17 | 17.9
Stealth        | 1 2 3 4 5 6 7 8 9 10 11 12 13 14 15 16 17 | 17.9
Unarmed Combat | 1 2 3 4 5 6 7 8 9 10 11 12 13 14 15 16 17 | 17.9
Spellcasting   | 1 2 3 4 5 6 7 8 9 10 11 12 13 14 15 16 17 | 17.9
Dodging        | 3 4 5 6 7 8 9 10 11 12 13 14 15 16 17 18 | 18.1
Shields        | 3 4 5 6 7 8 9 10 11 12 13 14 15 16 17 18 | 18.1
Conjurations   | 1 2 3 4 5 6 7 8 9 10 11 12 13 14 15 | 15.5
Hexes          | 1 2 3 4 5 6 7 8 9 10 11 12 13 14 15 | 15.5
Charms         | 1 2 3 4 5 6 7 8 9 10 11 12 13 14 15 | 15.5
Summonings     | 1 2 3 4 5 6 7 8 9 10 11 12 13 14 15 | 15.5
Necromancy     | 1 2 3 4 5 6 7 8 9 10 11 12 13 14 15 | 15.5
Translocations | 1 2 3 4 5 6 7 8 9 10 11 12 13 14 15 | 15.5
Transmutations | 1 2 3 4 5 6 7 8 9 10 11 12 13 14 15 | 15.5
Fire Magic     | 1 2 3 4 5 6 7 8 9 10 11 12 13 14 15 | 15.5
Ice Magic      | 1 2 3 4 5 6 7 8 9 10 11 12 13 14 15 | 15.5
Air Magic      | 1 2 3 4 5 6 7 8 9 10 11 12 13 14 15 | 15.5
Earth Magic    | 1 2 3 4 5 6 7 8 9 10 11 12 13 14 15 | 15.5
Poison Magic   | 1 2 3 4 5 6 7 8 9 10 11 12 13 14 15 | 15.5
Evocations     | 3 4 5 6 7 8 9 10 11 12 13 14 15 16 17 18 | 18.1
Staves         | 5 6 7 8 9 10 11 12 13 14 15 16 17 18 | 18.3
Armour         | 5 6 7 8 9 10 11 12 13 14 15 16 17 18 19 20 21 22 | 22.8
Fighting       | 7 8 9 10 11 12 13 14 15 16 17 18 | 18.7

Action                   |  1- 3 |  4- 6 |  7- 9 | 10-12 | 13-15 | 16-18 | 19-21 | 22-24 | 25-27 || total
-------------------------+-------+-------+-------+-------+-------+-------+-------+-------+-------++-------
Melee: Quarterstaff      |    72 |   106 |   432 |   117 |       |       |       |       |       ||   727
       Bite              |     5 |    12 |    68 |   141 |   151 |   125 |   186 |   148 |   483 ||  1319
       Scimitar          |       |       |       |   548 |   508 |   482 |   572 |       |       ||  2110
       Punch             |       |       |       |    11 |       |       |       |       |       ||    11
       Flail             |       |       |       |    70 |   134 |       |       |       |       ||   204
       Demon blade       |       |       |       |       |       |       |     4 |       |       ||     4
       Demon whip        |       |       |       |       |       |       |    85 |   631 |  2168 ||  2884
 Fire: Hunting sling     |       |       |       |    65 |   757 |  1062 |   897 |  1177 |   133 ||  4091
       Fustibalus        |       |       |       |       |     5 |       |       |       |       ||     5
Throw: Tomahawk          |       |       |     8 |    11 |       |       |       |       |       ||    19
 Cast: Iskenderun's Myst |       |       |       |       |     2 |     1 |       |       |       ||     3
       Metabolic Englaci |       |       |       |       |       |     3 |       |       |       ||     3
       Freezing Cloud    |       |       |       |       |       |     1 |    14 |    19 |     7 ||    41
       Blink             |       |       |       |       |       |       |       |     4 |       ||     4
       Iron Shot         |       |       |       |       |       |       |       |     2 |     1 ||     3
       Malign Gateway    |       |       |       |       |       |       |       |     1 |     2 ||     3
       Regeneration      |       |       |       |       |       |       |       |     1 |     6 ||     7
Invok: Potion Petition   |       |       |     2 |     1 |     1 |     5 |     6 |    11 |     9 ||    35
       Call Merchant     |       |       |       |     2 |     2 |     1 |     1 |       |       ||     6
Evoke: Wand              |       |       |     6 |     4 |     5 |     4 |     6 |       |     5 ||    30
       Lamp of fire      |       |       |       |     1 |     2 |     1 |     1 |     1 |     1 ||     7
       Phantom mirror    |       |       |       |       |     1 |       |       |       |       ||     1
       Sack of spiders   |       |       |       |       |       |       |     1 |       |       ||     1
       Phial of floods   |       |       |       |       |       |       |       |     1 |     1 ||     2
       Lightning rod     |       |       |       |       |       |       |       |     1 |       ||     1
  Use: Scroll            |     7 |     3 |    10 |    12 |     8 |    18 |    17 |     9 |    22 ||   106
       Potion            |     1 |     1 |    10 |    13 |    14 |     7 |     5 |     9 |    21 ||    81
 Stab: Sleeping          |     1 |     1 |     9 |    13 |    13 |     9 |    16 |    16 |    26 ||   104
       Invisible         |       |       |     6 |       |     4 |     1 |     7 |       |       ||    18
       Distracted        |       |       |       |     3 |    14 |     3 |     8 |     8 |    25 ||    61
       Paralysed         |       |       |       |     2 |       |       |       |       |       ||     2
  Eat: Chunk             |       |     6 |       |       |       |       |       |       |       ||     6
       Bread ration      |       |       |     4 |     1 |     2 |     6 |       |     3 |     1 ||    17
       Fruit             |       |       |     1 |     3 |     4 |     2 |       |     3 |     2 ||    15
       Meat ration       |       |       |       |     5 |     2 |     2 |     7 |     4 |    10 ||    30
       Royal jelly       |       |       |       |       |     6 |     4 |     3 |     1 |     3 ||    17
Armor: Robe              |     9 |       |       |       |       |       |       |       |       ||     9
       Ring mail         |    16 |    31 |       |   178 |   151 |   151 |   108 |    89 |    61 ||   785
       Scale mail        |       |    20 |    53 |       |       |       |       |       |       ||    73
       Skin              |       |     4 |       |       |       |       |       |       |       ||     4
       Leather armour    |       |       |    52 |    58 |       |       |       |       |       ||   110
       Pearl dragon scal |       |       |       |       |       |       |       |       |   289 ||   289
Dodge: Dodged            |    42 |    71 |   259 |   545 |   428 |   310 |   353 |   345 |   725 ||  3078
Block: Buckler           |       |       |       |   145 |   474 |   435 |   370 |   345 |   202 ||  1971
       Reflection        |       |       |       |     8 |    18 |    75 |    65 |    57 |    51 ||   274
       Shield            |       |       |       |       |       |       |       |       |  1048 ||  1048
       Rpst.: Scimitar   |       |       |       |   103 |    75 |    59 |    57 |       |       ||   294

Table legend:
 A = Spawn XP
 B = Non-spawn XP
 C = Spawn XP percentage of total XP
 D = Spawn monster count
 E = Non-spawn monster count
 F = Spawn count percentage of total count
 G = Total turns spent on level
                    A         B        C        D         E        F      G
               +---------+---------+-------+---------+---------+-------+---------
         Total |     907 | 1511757 |   0.1 |       4 |    2268 |   0.2 | 84974
               +---------+---------+-------+---------+---------+-------+---------
           D:1 |       0 |      31 |   0.0 |       0 |      17 |   0.0 |   809
           D:2 |       0 |     299 |   0.0 |       0 |      18 |   0.0 |  1001
           D:3 |       0 |     148 |   0.0 |       0 |      21 |   0.0 |   725
           D:4 |       0 |     588 |   0.0 |       0 |      28 |   0.0 |  1208
           D:5 |       0 |     359 |   0.0 |       0 |      19 |   0.0 |  1240
           D:6 |       0 |    1837 |   0.0 |       0 |      41 |   0.0 |  2198
           D:7 |       0 |    1136 |   0.0 |       0 |      14 |   0.0 |  1419
           D:8 |       0 |    2146 |   0.0 |       0 |      27 |   0.0 |  2160
           D:9 |       0 |    1527 |   0.0 |       0 |      29 |   0.0 |  1008
          D:10 |       0 |    6291 |   0.0 |       0 |      48 |   0.0 |  1784
          D:11 |       0 |    7971 |   0.0 |       0 |      61 |   0.0 |  1929
          D:12 |       0 |   12501 |   0.0 |       0 |      56 |   0.0 |  1351
          D:13 |       0 |    9992 |   0.0 |       0 |      33 |   0.0 |  1424
          D:14 |       0 |    8376 |   0.0 |       0 |      23 |   0.0 |  1031
          D:15 |       0 |   13643 |   0.0 |       0 |      40 |   0.0 |  1460
        Lair:1 |       0 |    4512 |   0.0 |       0 |      21 |   0.0 |  1410
        Lair:2 |       0 |    2796 |   0.0 |       0 |      17 |   0.0 |  1183
        Lair:3 |       0 |    7468 |   0.0 |       0 |      52 |   0.0 |  1409
        Lair:4 |       0 |    4629 |   0.0 |       0 |      17 |   0.0 |  1057
        Lair:5 |       0 |    8162 |   0.0 |       0 |      28 |   0.0 |  1028
        Lair:6 |       0 |   26825 |   0.0 |       0 |      76 |   0.0 |  2099
      Shoals:1 |       0 |   14492 |   0.0 |       0 |      30 |   0.0 |   590
      Shoals:2 |       0 |   15575 |   0.0 |       0 |      30 |   0.0 |   730
      Shoals:3 |       0 |   23913 |   0.0 |       0 |      56 |   0.0 |   744
      Shoals:4 |       0 |   21104 |   0.0 |       0 |      29 |   0.0 |   529
       Snake:1 |       0 |   13904 |   0.0 |       0 |      28 |   0.0 |  1465
       Snake:2 |       0 |   21572 |   0.0 |       0 |      32 |   0.0 |  1272
       Snake:3 |       0 |    8595 |   0.0 |       0 |      13 |   0.0 |  3871
       Snake:4 |       0 |   73391 |   0.0 |       0 |     108 |   0.0 |  1962
         Orc:1 |       0 |    1367 |   0.0 |       0 |      17 |   0.0 |   997
         Orc:2 |       0 |   11013 |   0.0 |       0 |      87 |   0.0 |  1467
         Elf:1 |       0 |   24489 |   0.0 |       0 |      42 |   0.0 |  1860
         Elf:2 |       0 |   31441 |   0.0 |       0 |      42 |   0.0 |  1454
         Elf:3 |       0 |   56946 |   0.0 |       0 |      55 |   0.0 |  1612
      Vaults:1 |       0 |   36080 |   0.0 |       0 |      60 |   0.0 |  2127
      Vaults:2 |       0 |   36499 |   0.0 |       0 |      60 |   0.0 |  1575
      Vaults:3 |       0 |   39931 |   0.0 |       0 |      50 |   0.0 |  1726
      Vaults:4 |       0 |   66719 |   0.0 |       0 |      98 |   0.0 |  2575
      Vaults:5 |       0 |  154684 |   0.0 |       0 |     122 |   0.0 |  3362
      Depths:1 |       0 |   49463 |   0.0 |       0 |      60 |   0.0 |  1632
      Depths:2 |       0 |   64087 |   0.0 |       0 |      75 |   0.0 |  3773
      Depths:3 |       0 |   50802 |   0.0 |       0 |      82 |   0.0 |  1880
      Depths:4 |       0 |  118327 |   0.0 |       0 |      95 |   0.0 |  3195
      Depths:5 |       0 |   40669 |   0.0 |       0 |      24 |   0.0 |  2548
         Zot:2 |       0 |   71254 |   0.0 |       0 |      41 |   0.0 |  1656
         Zot:3 |       0 |   51728 |   0.0 |       0 |      28 |   0.0 |  2751
         Zot:4 |       0 |   82417 |   0.0 |       0 |      41 |   0.0 |  1468
         Zot:5 |       0 |  174551 |   0.0 |       0 |      66 |   0.0 |  2248
       Abyss:3 |     907 |    3274 |  21.7 |       4 |       5 |  44.4 |   152
           Lab |       0 |    1038 |   0.0 |       0 |       1 |   0.0 |   549
       Ossuary |       0 |     622 |   0.0 |       0 |      13 |   0.0 |   890
        Bailey |       0 |    2299 |   0.0 |       0 |      39 |   0.0 |   590
         IceCv |       0 |    5422 |   0.0 |       0 |      20 |   0.0 |  1200
       Volcano |       0 |    5226 |   0.0 |       0 |      14 |   0.0 |   870
        WizLab |       0 |   17626 |   0.0 |       0 |      19 |   0.0 |   674
               +---------+---------+-------+---------+---------+-------+---------
